Map: Site Delta LE

Players

Subwayeatn - Winner!

  • Race: Zerg Zerg
  • League: Platinum
  • Spawn Location: 5:00

SpartanSeoul

  • Race: Terran Terran
  • League: Diamond
  • Spawn Location: 11:00

VOD

Have the link to the VOD?

Description

Time

  • Played on: Nov. 8, 2023, 8:29 p.m.
  • Length: 14:30
Show
View Real Time Build Order
Export as new Build Order

Subwayeatn Zerg - Winner!

Build Orders: Hatch First 

Get SALT Encoding   

  12  0:00  Drone  
  13  0:12  Overlord  
  13  0:19  Drone  
  14  0:31  Drone x2  
  16  0:51  Hatchery  
  16  0:54  Drone  
  16  0:57  Drone  
  16  1:00  Drone  
  16  1:03  Extractor  
  17  1:17  Spawning Pool  
  16  1:20  Drone  
  16  1:23  Drone  
  18  1:28  Drone  
  19  1:39  Drone  
  20  1:50  Overlord  
  20  2:05  Queen  
  20  2:06  Queen  
  24  2:10  Zergling x2  
  24  2:11  Zergling x2  
  26  2:29  Drone  
  28  2:30  Drone x3  
  28  2:34  Metabolic Boost  
  30  2:41  Queen  
  30  2:42  Drone x2  
  34  3:01  Drone x2  
  34  3:04  Baneling Nest  
  34  3:05  Overlord  
  35  3:08  Overlord  
  35  3:20  Lair  
  35  3:23  Drone x6  
  41  3:28  Overlord  
  41  3:35  Queen  
  43  3:57  Zergling x4  
  45  4:03  Drone x2  
  45  4:04  Drone x5  
  52  4:12  Overlord  
  52  4:19  Pneumatized Carapace  
  52  4:20  Centrifugal Hooks, Hatchery  
  52  4:22  Drone x4  
  55  4:28  Evolution Chamber  
  55  4:30  Evolution Chamber  
  53  4:36  Zergling x8  
  56  4:48  Spine Crawler  
  55  4:53  Zergling x8  
  59  5:06  Drone x2  
  61  5:08  Queen  
  61  5:10  Extractor  
  61  5:14  Baneling  
  62  5:18  Zerg Melee Weapons Level 1  
  62  5:21  Drone x3  
  62  5:22  Drone  
  62  5:27  Extractor  
  62  5:28  Overseer  
  65  5:29  Extractor  
  64  5:36  Overlord x3  
  64  5:50  Zergling x2  
  64  5:54  Drone x7  
  72  6:01  Queen  
  72  6:03  Drone  
  72  6:04  Drone  
  76  6:11  Spore Crawler  
  75  6:12  Spore Crawler  
  75  6:15  Overseer  
  75  6:17  Drone x4  
  77  6:22  Extractor  
  77  6:25  Drone x2  
  78  6:26  Drone x3, Infestation Pit  
  78  6:28  Spore Crawler  
  78  6:29  Spore Crawler  
  78  6:30  Drone x2  
  80  6:39  Queen x2  
  84  6:43  Zerg Ground Armor Level 1  
  84  6:46  Drone x4  
  88  6:50  Baneling x6  
  88  6:51  Baneling  
  88  7:00  Drone  
  89  7:03  Infestor  
  89  7:06  Overlord x4  
  91  7:14  Drone  
  92  7:15  Zerg Melee Weapons Level 2  
  92  7:34  Overlord x2  
  92  7:35  Overlord x4  
  92  7:41  Drone  
  92  7:42  Drone  
  92  7:43  Hydralisk Den  
  93  8:03  Hive  
  93  8:10  Infestor x3  
  99  8:14  Hydralisk x2  
  99  8:18  Zergling x24  
  99  8:19  Zergling x6  
  118  8:20  Extractor, Hatchery  
  118  8:24  Drone x2  
  118  8:28  Drone, Extractor  
  118  8:30  Grooved Spines  
  118  8:33  Drone x2  
  120  8:37  Drone  
  120  8:40  Baneling x6  
  120  8:41  Baneling x2  
  121  8:44  Zergling x2  
  122  8:59  Burrow  
  122  9:01  Neural Parasite  
  122  9:03  Hydralisk  
  122  9:06  Zergling x2  
  122  9:07  Zergling x24  
  137  9:21  Muscular Augments  
  96  9:52  Zergling x10  
  101  9:53  Zergling x24  
  101  9:55  Queen  
  115  10:05  Ultralisk Cavern  
  114  10:11  Zergling x2  
  114  10:12  Zergling x16  
  123  10:16  Spine Crawler  
  122  10:21  Drone x5  
  127  10:30  Zerg Melee Weapons Level 3  
  127  10:31  Zerg Ground Armor Level 2  
  127  10:39  Drone x2  
  127  10:40  Drone  
  127  10:41  Overseer  
  130  10:45  Zergling x2  
  130  10:46  Zergling x12  
  130  10:47  Zergling x2  
  138  11:00  Drone x3  
  138  11:01  Drone x5  
  138  11:03  Overlord  
  138  11:04  Overlord x5  
  146  11:08  Chitinous Plating  
  146  11:10  Ultralisk  
  146  11:11  Spine Crawler  
  151  11:13  Spine Crawler  
  151  11:16  Spine Crawler  
  149  11:29  Extractor, Hatchery  
  149  11:32  Extractor  
  145  11:42  Adrenal Glands  
  145  11:47  Ultralisk  
  145  11:48  Ultralisk x5  
  181  12:02  Ultralisk  
  181  12:06  Ultralisk  
  181  12:08  Baneling  
  192  12:09  Baneling x2  
  192  12:19  Extractor, Spore Crawler  
  192  12:21  Drone x3  
  192  12:22  Drone x3  
  196  12:23  Drone  
  196  12:26  Anabolic Synthesis  
  176  12:30  Zergling x2  
  176  12:31  Zergling x30  
  126  13:06  Infestor  
  126  13:07  Infestor x2  
  132  13:15  Ultralisk x4  
  132  13:18  Zergling x30  
  132  13:19  Zergling x4  
  173  13:30  Queen  
  174  13:38  Ultralisk  
  174  13:40  Zergling x14  
  174  13:41  Zergling x10  
  189  14:05  Hydralisk x5  
  189  14:09  Baneling  
  199  14:10  Baneling x13  
Show
View Real Time Build Order
Export as new Build Order

SpartanSeoul Terran 

Build Orders: 2 Factory, Mech 

Get SALT Encoding   

  12  0:00  SCV  
  13  0:15  SCV  
  13  0:18  Supply Depot  
  14  0:27  SCV  
  15  0:39  SCV  
  15  0:40  Barracks  
  16  0:47  Refinery  
  16  0:51  SCV  
  17  1:03  SCV  
  18  1:15  SCV  
  19  1:27  Marine  
  19  1:28  Orbital Command  
  20  1:39  Command Center  
  20  1:46  Barracks Reactor  
  20  1:50  Supply Depot  
  20  2:04  SCV  
  21  2:15  Factory  
  21  2:16  SCV  
  22  2:27  Marine  
  22  2:28  Marine  
  24  2:33  SCV  
  25  2:37  Refinery  
  25  2:45  SCV  
  26  2:58  Orbital Command  
  26  3:12  Factory  
  26  3:16  Barracks Tech Lab  
  26  3:19  Orbital Command, Hellion x2  
  30  3:24  SCV  
  31  3:36  SCV  
  31  3:40  Hellion  
  31  3:41  Hellion  
  38  3:42  Marine  
  37  4:00  SCV x2  
  39  4:12  SCV x2  
  39  4:13  Factory  
  39  4:15  Refinery  
  41  4:18  Siege Tank, Barracks Tech Lab  
  44  4:24  SCV x2  
  46  4:33  Supply Depot  
  46  4:35  Supply Depot  
  46  4:55  Hellion x2, SCV x2  
  46  4:58  Factory Tech Lab  
  46  4:59  Siege Tank  
  49  5:07  SCV x2  
  49  5:16  Supply Depot  
  49  5:17  Supply Depot  
  49  5:18  Hellion x2  
  49  5:19  SCV  
  49  5:20  Siege Tank  
  57  5:35  Siege Tank  
  60  5:39  Hellion, Supply Depot  
  62  5:45  SCV x2  
  62  5:48  Armory  
  64  5:51  Refinery  
  64  5:54  Siege Tank  
  67  5:57  SCV x2  
  69  6:08  Starport  
  69  6:09  SCV x2  
  71  6:11  Engineering Bay  
  73  6:18  Hellion  
  73  6:19  Hellion  
  73  6:21  SCV x2  
  80  6:32  Siege Tank  
  80  6:33  Siege Tank, SCV x2  
  80  6:36  Terran Vehicle Weapons Level 1  
  85  6:45  SCV  
  85  6:46  Hellion x2, Supply Depot, SCV, Missile Turret  
  91  6:51  Viking  
  91  6:53  Supply Depot  
  93  7:00  Command Center  
  93  7:07  Factory  
  93  7:11  Neosteel Armor  
  93  7:16  Supply Depot  
  93  7:17  Hellion x2  
  93  7:18  Siege Tank  
  100  7:25  Cyclone, Barracks Tech Lab  
  102  7:38  Hellion  
  102  7:39  Hellion  
  106  7:57  Supply Depot  
  106  7:58  Supply Depot  
  106  8:07  Factory  
  106  8:08  Thor x2  
  106  8:12  Barracks Tech Lab  
  118  8:21  Liberator  
  118  8:24  Orbital Command  
  121  8:28  Command Center  
  121  8:33  Supply Depot  
  121  8:35  Supply Depot  
  121  8:36  Terran Vehicle Weapons Level 2  
  121  8:43  Supply Depot  
  121  8:44  Orbital Command  
  121  8:55  Thor  
  127  9:07  Factory  
  127  9:10  Barracks Tech Lab  
  127  9:11  SCV x3  
  130  9:23  SCV x3  
  133  9:29  Hellion x2  
  133  9:30  Hellion x2  
  141  9:33  Refinery  
  141  9:35  Refinery  
  141  9:36  Infernal Pre-Igniter  
  114  9:50  Siege Tank  
  114  9:51  Thor  
  123  9:53  Hellion x2  
  123  9:54  Hellion  
  123  9:59  SCV  
  131  10:00  SCV x2  
  132  10:12  SCV x3  
  135  10:15  Hellion x2  
  135  10:19  Supply Depot  
  135  10:20  Supply Depot  
  135  10:21  Orbital Command  
  141  10:24  SCV x3  
  141  10:28  Thor, Command Center  
  144  10:32  Thor  
  144  10:34  Thor  
  160  10:36  Hellion x2, SCV  
  160  10:41  Supply Depot  
  165  10:43  Hi-Sec Auto Tracking  
  165  10:47  Armory  
  165  11:04  Hellion x2  
  169  11:12  Siege Tank  
  169  11:13  Missile Turret  
  169  11:15  Siege Tank  
  169  11:17  Thor  
  178  11:26  Hellion  
  178  11:32  SCV x4  
  184  11:38  Terran Vehicle And Ship Armor Level 1, Terran Vehicle Weapons Level 3  
  184  11:40  Command Center  
  184  11:44  SCV x4  
  188  11:47  Smart Servos  
  187  12:00  SCV x2  
  187  12:01  SCV x2  
  189  12:06  Barracks Tech Lab  
  189  12:11  Hellion x2  
  189  12:12  SCV  
  189  12:13  SCV x2  
  196  12:23  SCV  
  196  12:24  SCV  
  196  12:35  Widow Mine  
  196  12:37  Hellion  
  181  12:49  SCV x3  
  181  12:50  SCV x2  
  104  13:01  SCV x2  
  104  13:02  SCV  
  80  13:06  Thor x3  
  80  13:07  Thor  
  80  13:09  Hellion x3  
  110  13:17  SCV x3  
  113  13:26  Orbital Command  
  108  13:30  Hellion  
  105  13:37  Hellion  
  105  13:39  Thor  
  106  13:50  Hellion  
Tags
 
Composition
Mech
Matchup
TvZ
Replay Pack
Multiplayer
Spawn Locations
Cross Positions
Add a new tag
Caveats
  • Supply blocks, unpowered buildings, or Contaminate may cause inaccurate times.
  • Supply counts are checked every 10 seconds.